 Dungeon Crawl Stone Soup version 0.26-a0-752-gcff87cac9a (webtiles) character file.

Game seed: 17064307712382833900

44 Antenora the Skirmisher (level 3, -1/30 HPs)
             Began as a Demonspawn Abyssal Knight on Nov 6, 2020.
             Was a Follower of Lugonu.
             Slain by Terence
             ... wielding a +0 flail
              (3 damage)
             ... on level 2 of the Dungeon.
             The game lasted 00:04:11 (664 turns).

Antenora the Skirmisher (Demonspawn Abyssal Knight)  Turns: 664, Time: 00:04:11

Health: -1/30      AC:  4    Str: 11 (13) XL:     3   Next: 39%
Magic:  5/5        EV: 11    Int: 10 (13) God:    Lugonu [*.....]
Gold:   50         SH:  0    Dex: 13 (14) Spells: 2/2 levels left

rFire    + . .     SeeInvis .   a - +1 falchion
rCold    . . .     Faith    .   (no shield)
rNeg     . . .     Spirit   .   b - +0 leather armour
rPois    .         Reflect  .   (no helmet)
rElec    .         Harm     .   (no cloak)
rCorr    .         Rampage  .   (no gloves)
MR       .....                  (no boots)
Stlth    +.........             (no amulet)
HPRegen  0.10/turn              (no ring)
MPRegen  0.09/turn              (no ring)

@: no status effects
A: agile 1, fire resistance 1, mutation resistance 1, sharp scales 1
a: Depart the Abyss, Renounce Religion


You were on level 2 of the Dungeon.
You worshipped Lugonu.
Lugonu was aware of your devotion.
You visited 1 branch of the dungeon, and saw 2 of its levels.
You visited the Abyss 1 time.

You collected 50 gold pieces.

Inventory:

Hand Weapons
 a - a +1 falchion (weapon)
Armour
 b - a +0 leather armour (worn)
Scrolls
 e - a scroll of identify
 g - a scroll of random uselessness


   Skills:
 + Level 3.8 Fighting
 * Level 2.3 Long Blades
 + Level 1.9 Armour
 + Level 0.9 Dodging
 * Level 2.9 Invocations


You had 2 spell levels left.
You didn't know any spells.
Your spell library was empty.

Dungeon Overview and Level Annotations

Branches:
Dungeon (2/15)

Altars:

Annotations:
D:2 Terence


Innate Abilities, Weirdness & Mutations

Your flesh is heat resistant. (rF+)
You are partially covered in razor-sharp scales. (AC +1, Slay +1)
You are agile. (Dex +2)
You are somewhat resistant to further mutation.


Message History

Terence is lightly wounded.
The kobold hits you with a +0 short sword.
Terence barely misses you. The kobold closely misses you.
You hit Terence.
Terence is moderately wounded.
Terence zaps a wand.
The puff of flame hits you. You resist.
The kobold hits you with a +0 short sword.
You barely miss Terence.
Terence is moderately wounded.
Terence hits you but does no damage. The kobold hits you but does no damage.
You closely miss the kobold.
The kobold is heavily wounded.
The kobold hits you with a +0 short sword.
* * * LOW HITPOINT WARNING * * *
Terence zaps a wand.
The puff of flame hits you! You resist.
* * * LOW HITPOINT WARNING * * *
You hit the kobold but do no damage.
The kobold is heavily wounded.
The kobold hits you but does no damage. Terence hits you with a +0 flail.
You die...

##### ##...# #########
#...)# #........
#######.(..#####........
......@@K((.............
####..#.#.######..).....
.......#.# #........
#####...#.. ............
.........############
.##.###.#.. ######## #
.. #.##.###......## ...
..............§§
#......†...##


You could see Terence and a kobold.

Vanquished Creatures
  Jessica (D:2)
  2 dart slugs
  3 bats
  A giant cockroach (D:1)
  2 hobgoblins
  A kobold (D:2)
  A frilled lizard (D:2)
  3 rats (D:2)
14 creatures vanquished.

Notes
Turn   | Place    | Note
-------+----------+-------------------------------------------
     0 | Abyss:1  | Antenora the Demonspawn Abyssal Knight began the quest for
                  | the Orb.
     0 | Abyss:1  | Reached XP level 1. HP: 18/18 MP: 2/2
    77 | D:1      | Escaped the Abyss
   379 | D:1      | Gained mutation: You are partially covered in razor-sharp
                  | scales. (AC +1, Slay +1) [demonic ancestry]
   379 | D:1      | Reached XP level 2. HP: 24/24 MP: 3/3
   486 | D:2      | Noticed Jessica
   492 | D:2      | Reached * piety under Lugonu
   504 | D:2      | Killed Jessica
   504 | D:2      | Gained mutation: Your flesh is heat resistant. (rF+)
                  | [demonic ancestry]
   504 | D:2      | Reached XP level 3. HP: 15/30 MP: 3/5
   553 | D:2      | Gained mutation: You are somewhat resistant to further
                  | mutation. [potion of mutation]
   553 | D:2      | Gained mutation: You are agile. (Dex +2) [potion of
                  | mutation]
   651 | D:2      | Noticed Terence
   664 | D:2      | Slain by Terence

Illustrated notes

Levels and vault maps discovered:
D:1:      dpeg_arrival_rooms_b, layout_basic
D:2:      layout_rooms, nrook_mini_vaults, uniq_terence, uniq_jessica

Skill      XL: |  1 |
---------------+----+-----
Long Blades    | 2 |  2.3
Fighting       | |  3.8
Armour         | |  1.9
Dodging        | |  0.9
Invocations    | |  2.9

Action                   || total
-------------------------++-------
Melee: Falchion          ||    40
Invok: Depart the Abyss  ||     1
  Use: Potion            ||     7
       Scroll            ||     4
Armor: Leather armour    ||    22
Dodge: Dodged            ||    38
       Rpst.: Falchion   ||     9

Table legend: (Time is in decaauts)
 A = Elapsed time spent in this place.
 B = Non-inter-level travel time spent in this place.
 C = Inter-level travel time spent in this place.
 D = Time resting spent in this place.
 E = Time spent auto-exploring this place.
 F = Levels seen in this place.
 G = Mean time per level.
                   A        B        C        D        E       F      G
               +--------+--------+--------+--------+--------+-----+--------+
         Total |    652 |    652 |      0 |     32 |      0 |   3 |  217.3 |
       Dungeon |    575 |    575 |      0 |     32 |      0 |   2 |  287.5 |
         Abyss |     77 |     77 |      0 |      0 |      0 |   1 |   77.0 |
               +--------+--------+--------+--------+--------+-----+--------+

Top non-repeatable levels by time:
     D:1: 411 daAuts
     D:2: 164 daAuts
 Abyss:1: 77 daAuts
